 Dungeon Crawl Stone Soup version 0.20.1-1-g8b1a95d (webtiles) character file.

7448 KrisztiCat the Bludgeoner (level 10, 0/126 HPs)
             Began as a Minotaur Berserker on Nov 13, 2017.
             Was a Priest of Trog.
             Succumbed to a guardian serpent's bolt of poison
             ... on level 9 of the Dungeon.
             The game lasted 00:37:33 (7691 turns).

KrisztiCat the Bludgeoner (Minotaur Berserker)      Turns: 7691, Time: 00:37:34

Health: 0/126      AC: 11    Str: 28    XL:     10   Next: 93%
Magic:  1/9        EV: 12    Int:  6    God:    Trog [***...]
Gold:   361        SH: 11    Dex: 10    Spells: 9/9 levels left

rFire    + . .     SeeInvis .   a - +1 mace (crush)
rCold    . . .     Gourm    .   D - +1 shield {AC+3}
rNeg     . . .     Faith    .   q - +3 leather armour {rF+}
rPois    .         Spirit   +   (helmet restricted)
rElec    .         Reflect  .   (no cloak)
rCorr    +         Harm     .   H - +0 pair of gloves
MR       +++..                  (no boots)
Stlth    ..........             n - amulet of guardian spirit
Regen    1.4/turn               x - ring of protection from magic
MPRegen  0.2/turn               t - ring of resist corrosion

@: berserking (expiring), lethally poisoned (0 -> -4), regenerating, very quick
A: retaliatory headbutt, horns 2
a: Berserk, Trog's Hand, Burn Spellbooks, Renounce Religion


You were on level 9 of the Dungeon.
You worshipped Trog.
Trog was most pleased with you.
You were very hungry.

You visited 2 branches of the dungeon, and saw 11 of its levels.

You collected 608 gold pieces.
You spent 247 gold pieces at shops.

Inventory:

Hand Weapons
 a - a +1 mace of crushing (weapon)
 F - a +1 whip of flaming
Missiles
 I - 5 javelins (quivered)
Armour
 b - a +0 animal skin
 p - a +1 leather armour
 q - a +3 leather armour of fire resistance (worn)
 D - a +1 shield of protection (worn)
 H - a +0 pair of gloves (worn)
Jewellery
 h - a +5 ring of dexterity
 l - an uncursed ring of stealth
 m - an uncursed ring of protection from fire
 n - an amulet of guardian spirit (around neck)
 t - a ring of resist corrosion (right hand)
 u - an uncursed ring of ice
 x - a ring of protection from magic (left hand)
 y - a +5 ring of dexterity
 C - an uncursed ring of stealth
 J - an uncursed amulet of harm
 K - an uncursed amulet of faith
 L - a +4 ring of evasion
 P - an uncursed amulet of the gourmand {unknown}
 Q - an uncursed ring of ice
Wands
 k - a wand of iceblast (14/15)
 M - a wand of digging (15/24)
Scrolls
 d - 2 scrolls of immolation
 e - 8 scrolls of teleportation
 i - 4 scrolls of remove curse
 o - 4 scrolls of enchant armour
 w - a scroll of blinking
 B - a scroll of enchant weapon
 N - a scroll of recharging
 O - 2 scrolls of identify
 S - 3 scrolls of magic mapping
Potions
 f - 2 potions of curing
 g - a potion of mutation
 r - a potion of heal wounds
 s - 3 potions of might
 v - 4 potions of haste
 A - a potion of brilliance
 E - a potion of lignification
 G - a potion of berserk rage {unknown}
Comestibles
 c - 11 bread rations
 j - 6 meat rations
 z - 8 royal jellies
 R - 6 chunks of flesh


   Skills:
 + Level 6.6 Fighting
 - Level 16.0 Maces & Flails
 + Level 6.0 Armour
 + Level 5.5 Dodging
 + Level 5.3 Shields


You had 9 spell levels left.
You didn't know any spells.

Dungeon Overview and Level Annotations

Branches:
Dungeon (10/15)            Temple (1/1) D:7
   Lair: D:8-11         Orc: D:9-12

Altars:
Ashenzari
Cheibriados
Dithmenos
Elyvilon
Fedhas
Gozag
Hepliaklqana
Kikubaaqudgha
Makhleb
Nemelex Xobeh
Okawaru
Qazlal
Ru
Sif Muna
Trog
Uskayaw
Vehumet
Xom
Yredelemnul
Zin
The Shining One

Shops:
D:5 [

Annotations:
D:8 1 runed door


Innate Abilities, Weirdness & Mutations

You reflexively headbutt those who attack you in melee.
You have a pair of horns on your head.


Message History

You barely miss the guardian serpent.
Your headbutt misses the guardian serpent.
The guardian serpent is almost dead.
The guardian serpent hits you but does no damage.
You miss the guardian serpent.
The guardian serpent is almost dead.
You feel sick.
The guardian serpent casts a spell at you.
The bolt of poison hits you!
You are more poisoned.
* * * LOW HITPOINT WARNING * * *
You bludgeon the guardian serpent!!
You kill the guardian serpent!
Trog accepts your kill.
Trog appreciates your killing of a magic user.
Your Armour skill increases to level 6!
* * * LOW HITPOINT WARNING * * *
You feel sick.
You are too berserk!
You die...

...........##
##.........
............######
##........
.................#
##.......
..........######.#
#..##...
..........# #()#.#
#.######
...<......# #?$+.#
##.# ..........#
#"%#†# #..#
##.......(######.#
#.##
##.............@#
#.#
##.##......######
##.# ##..#########
#.## .#.## #.#
...# ##.# ..##
#..# ...# #.##
...# ###.#######
...##
###.........###


There were no monsters in sight!

Vanquished Creatures
  A two-headed ogre (D:9)
  The ghost of soepske the Skirmisher, a novice DrFi of Makhleb (D:9)
  The ghost of AdmiralAndromeda the Spear-Bearer, a novice MfGl of Okawaru (D:8)
  Pikel (D:5)
  A guardian serpent (D:9)
  Prince Ribbit (D:6)
  Grinder (D:5)
  A hippogriff (D:9)
  5 yaks (D:9)
  4 hogs (D:8)
  A human (D:8)
  A hungry ghost (D:9)
  The ghost of Zeloya the Caller, an amateur KoSu (D:4)
  4 orc warriors
  2 ice beasts
  A black bear (D:4)
  A sky beast (D:8)
  3 ogres (D:8)
  The ghost of Linguinho the Skirmisher, an amateur DsFi (D:3)
  A centaur (D:5)
  A big kobold (D:8)
  4 bullfrogs
  A scorpion (D:6)
  2 crimson imps
  A lava snake (D:8)
  2 jellies
  3 hounds
  4 orc priests
  2 centaur skeletons
  Ijyb (D:5)
  4 iguanas
  5 orc wizards
  7 worker ants
  A killer bee zombie (D:5)
  A hound skeleton (D:9)
  7 adders
  3 shadow imps
  4 worms
  A leopard gecko (D:4)
  18 orcs
  7 bats
  4 giant cockroaches
  5 hobgoblins
  10 jackals
  A quokka (D:7)
  A ball python (D:4)
  2 frilled lizards
  5 goblins
  8 kobolds
  A leopard gecko skeleton (D:5)
  3 rats
152 creatures vanquished.

Notes
Turn   | Place    | Note
-------+----------+-------------------------------------------
     0 | D:1      | KrisztiCat the Minotaur Berserker began the quest for the Orb.
     0 | D:1      | Reached XP level 1. HP: 19/19 MP: 0/0
   145 | D:1      | Reached skill level 4 in Maces & Flails
   145 | D:1      | Reached XP level 2. HP: 20/27 MP: 1/1
   571 | D:1      | Reached ** piety under Trog
   684 | D:2      | Reached XP level 3. HP: 33/33 MP: 2/2
   851 | D:2      | Reached skill level 5 in Maces & Flails
  1147 | D:2      | Found a deep blue altar of Sif Muna.
  1513 | D:3      | Noticed Linguinho's ghost (amateur DsFi)
  1526 | D:3      | Killed Linguinho's ghost
  1526 | D:3      | Reached skill level 6 in Maces & Flails
  1526 | D:3      | Reached XP level 4. HP: 32/40 MP: 3/3
  1526 | D:3      | Reached XP level 5. HP: 37/46 MP: 4/4
  2020 | D:3      | Reached skill level 7 in Maces & Flails
  2067 | D:4      | Noticed Zeloya's ghost (amateur KoSu)
  2078 | D:4      | Killed Zeloya's ghost
  2078 | D:4      | Reached skill level 8 in Maces & Flails
  2078 | D:4      | Reached XP level 6. HP: 52/52 MP: 5/5
  2111 | D:5      | Entered Level 5 of the Dungeon
  3080 | D:5      | Reached skill level 9 in Maces & Flails
  3081 | D:5      | Noticed an orc warrior
  3093 | D:5      | Killed an orc warrior
  3093 | D:5      | Reached XP level 7. HP: 48/58 MP: 6/6
  3105 | D:5      | Noticed Ijyb
  3120 | D:5      | Killed Ijyb
  3150 | D:5      | Found Kaadaikh's Armour Shoppe.
  3160 | D:5      | Bought a +1 shield of protection for 247 gold pieces
  3416 | D:5      | Noticed Grinder
  3423 | D:5      | Reached skill level 10 in Maces & Flails
  3434 | D:5      | Killed Grinder
  3466 | D:5      | Noticed Pikel
  3477 | D:5      | Killed Pikel
  3477 | D:5      | Reached skill level 12 in Maces & Flails
  3477 | D:5      | Reached XP level 8. HP: 39/66 MP: 7/7
  3705 | D:5      | Reached *** piety under Trog
  4194 | D:6      | Reached skill level 13 in Maces & Flails
  4251 | D:6      | Noticed Prince Ribbit
  4620 | D:6      | Killed Prince Ribbit
  4620 | D:6      | Reached XP level 9. HP: 34/71 MP: 8/8
  4903 | D:7      | Reached skill level 14 in Maces & Flails
  4943 | D:7      | Found a staircase to the Ecumenical Temple.
  4949 | Temple   | Entered the Ecumenical Temple
  5332 | D:8      | Found a radiant altar of Vehumet.
  6086 | D:8      | Reached skill level 15 in Maces & Flails
  6095 | D:9      | Noticed a two-headed ogre
  6176 | D:8      | Found an iron altar of Okawaru.
  6301 | D:8      | Noticed AdmiralAndromeda's ghost (novice MfGl)
  6314 | D:8      | Killed AdmiralAndromeda's ghost
  6314 | D:8      | Reached skill level 16 in Maces & Flails
  6332 | D:8      | Noticed a sixfirhy
  6343 | D:8      | Found a runed door.
  6414 | D:8      | Reached skill level 1 in Shields
  6431 | D:8      | Reached XP level 10. HP: 33/78 MP: 5/9
  6633 | D:9      | Noticed soepske's ghost (novice DrFi)
  7073 | D:9      | Killed soepske's ghost
  7073 | D:9      | Reached skill level 5 in Fighting
  7148 | D:9      | Killed a two-headed ogre
  7148 | D:9      | Reached skill level 5 in Armour
  7575 | D:10     | Entered Level 10 of the Dungeon
  7618 | D:9      | Reached skill level 5 in Dodging
  7631 | D:9      | Reached skill level 5 in Shields
  7673 | D:9      | Noticed a guardian serpent
  7689 | D:9      | HP: 2/126 [guardian serpent/bolt of poison (20)]
  7690 | D:9      | Killed a guardian serpent
  7691 | D:9      | Succumbed to a guardian serpent's bolt of poison

Skill      XL: |  1  2  3  4  5  6  7  8  9 10 |
---------------+-------------------------------+-----
Maces & Flails | 4 6 8 9 12 13 16 | 16.0
Shields        | 1 5 |  5.3
Fighting       | 6 |  6.6
Armour         | 6 |  6.0
Dodging        | 5 |  5.5

Action                   |  1- 3 |  4- 6 |  7- 9 | 10-12 || total
-------------------------+-------+-------+-------+-------++-------
Melee: Mace              |    60 |    53 |   132 |   128 ||   373
       Headbutt          |    10 |     8 |    69 |    18 ||   105
       Whip              |       |       |   193 |       ||   193
Invok: Berserk           |     1 |     3 |     5 |     5 ||    14
       Trog's Hand       |       |     1 |     2 |     1 ||     4
       Burn Spellbooks   |       |     1 |       |       ||     1
  Use: Scroll            |     1 |    12 |     9 |       ||    22
       Potion            |       |       |       |     1 ||     1
  Eat: Chunk             |     2 |     8 |    15 |     4 ||    29
       Fruit             |       |       |     2 |     3 ||     5
       Royal jelly       |       |       |       |     1 ||     1
Armor: Animal skin       |    11 |       |       |       ||    11
       Leather armour    |     6 |    18 |    66 |    26 ||   116
Dodge: Dodged            |    44 |    43 |    59 |    19 ||   165
Block: Shield            |       |       |    79 |    34 ||   113
